 Dungeon Crawl Stone Soup version 0.20.1-1-g8b1a95d (webtiles) character file.

142 manon the Chopper (level 5, -9/47 HPs)
             Began as a Hill Orc Fighter on Oct 13, 2017.
             Was an Initiate of Gozag.
             Mangled by Menkaure (16 damage)
             ... on level 4 of the Dungeon.
             The game lasted 00:11:06 (2046 turns).

manon the Chopper (Hill Orc Fighter)                Turns: 2046, Time: 00:11:06

Health: -9/47      AC:  8    Str: 24    XL:     5   Next: 24%
Magic:  6/6        EV:  7    Int:  8    God:    Gozag
Gold:   81         SH: 10    Dex: 11    Spells: 4/4 levels left

rFire    . . .     SeeInvis .   a - +0 war axe
rCold    . . .     Gourm    .   c - +1 shield
rNeg     . . .     Faith    .   b - +0 scale mail
rPois    .         Spirit   .   q - +0 helmet
rElec    .         Reflect  .   (no cloak)
rCorr    .         Harm     .   (no gloves)
MR       .....                  (no boots)
Stlth    ..........             r - amulet of inaccuracy (curse)
Regen    0.2/turn               (no ring)
MPRegen  0.1/turn               (no ring)

@: mighty, lethally poisoned (-9 -> -12), berserk cooldown, slowed, very slow
A: no striking features
a: Potion Petition, Call Merchant, Bribe Branch, Renounce Religion


You were on level 4 of the Dungeon.
You worshipped Gozag.
Gozag was noncommittal.
You were hungry.

You visited 1 branch of the dungeon, and saw 4 of its levels.

You collected 112 gold pieces.
You paid 31 gold pieces to Gozag.

Inventory:

Hand Weapons
 a - a +0 war axe (weapon)
 m - a +0 mace
Missiles
 j - 11 poisoned needles
 k - 50 arrows
 p - 8 javelins (quivered)
Armour
 b - a +0 scale mail (worn)
 c - a +1 shield (worn)
 q - a +0 helmet (worn)
Jewellery
 e - a +3 amulet of reflection
 r - a cursed amulet of inaccuracy (around neck)
Wands
 l - a wand of flame (11/48)
Scrolls
 i - a scroll of teleportation
 s - a scroll of fear
Potions
 d - a potion of might
 n - a potion of resistance {unknown}
 o - a potion of agility
 t - a potion of mutation {unknown}
Comestibles
 f - 2 bread rations
 g - 3 meat rations
 h - 3 fruits


   Skills:
 + Level 4.8 Fighting
 * Level 5.5 Axes
 - Level 3.2 Armour
 - Level 3.2 Shields
 + Level 1.4 Evocations


You had 4 spell levels left.
You didn't know any spells.

Dungeon Overview and Level Annotations

Branches:
Dungeon (4/15)
 Temple: D:4-7

Altars:
Gozag
Trog

Annotations:
D:3 Irenicus's ghost, amateur OpCK
D:4 Menkaure


Message History

Unknown command.
You feel very mighty all of a sudden. The adder bites you but does no damage.
You block the adder's attack.
You miss the adder.
The adder is almost dead.
The adder bites you but does no damage. x2; The adder bites you.
You closely miss Menkaure. You barely miss the adder.
The adder closely misses you. Menkaure hits you! The adder bites you.
You are poisoned.
The adder poisons you!
Menkaure points at you and mumbles some strange words.
Pain shoots through your body!
* * * LOW HITPOINT WARNING * * *
A worm comes into view.
You hit Menkaure but do no damage. You closely miss the adder.
You feel sick. The adder bites you but does no damage.
You block the adder's attack.
Menkaure hums a few words.
Menkaure hits you!
You die...
Your body crumbles into a pile of gold.

........#
...w...#
......# .....#
# ....# .# ...
..#
#.##M#...###
#..S@...%...
..........#.###
#...#.#...# ...
#.#...# . .
....# .# ....#
.. ....# ..
......


You could see Menkaure, a worm and an adder.

Vanquished Creatures
  Terence (D:2)
  5 adders
  2 worms
  4 leopard geckos
  5 orcs (D:3)
  A ball python (D:1)
  7 bats
  4 giant cockroaches
  8 goblins
  4 hobgoblins
  6 jackals
  A quokka (D:2)
  2 frilled lizards (D:3)
  3 kobolds
  5 rats
58 creatures vanquished.

Notes
Turn   | Place    | Note
-------+----------+-------------------------------------------
     0 | D:1      | manon the Hill Orc Fighter began the quest for the Orb.
     0 | D:1      | Reached XP level 1. HP: 19/19 MP: 1/1
     5 | D:1      | Reached skill level 3 in Axes
    59 | D:1      | Reached XP level 2. HP: 27/27 MP: 2/2
   282 | D:1      | Reached skill level 4 in Axes
   316 | D:1      | Reached XP level 3. HP: 33/33 MP: 3/3
   592 | D:2      | Noticed Terence
   598 | D:2      | HP: 1/33 [Terence/wand of flame (?/48) (10)]
   600 | D:2      | Killed Terence
  1010 | D:2      | Reached XP level 4. HP: 41/41 MP: 4/4
  1106 | D:2      | Found a bloodstained altar of Trog.
  1438 | D:3      | Reached skill level 5 in Axes
  1498 | D:3      | Reached skill level 1 in Evocations
  1610 | D:3      | Reached XP level 5. HP: 27/47 MP: 5/5
  1644 | D:3      | Found an opulent altar of Gozag.
  1664 | D:3      | Became a worshipper of Gozag Ym Sagoz the Greedy
  2026 | D:3      | Noticed Irenicus's ghost (amateur OpCK)
  2041 | D:4      | Noticed Menkaure
  2046 | D:4      | Mangled by Menkaure

Skill      XL: |  1  2  3  4 |
---------------+-------------+-----
Axes           | 3 4 5 |  5.5
Fighting       | 4 |  4.8
Evocations     | 1 |  1.4
Armour         | |  3.2
Shields        | |  3.2

Action                   |  1- 3 |  4- 6 || total
-------------------------+-------+-------++-------
Melee: War axe           |    73 |   266 ||   339
Invok: Potion Petition   |       |     1 ||     1
Evoke: Wand              |       |     5 ||     5
  Use: Potion            |     1 |     4 ||     5
       Scroll            |       |     6 ||     6
  Eat: Chunk             |       |     4 ||     4
Armor: Scale mail        |    17 |   131 ||   148
Dodge: Dodged            |    15 |    85 ||   100
Block: Shield            |    53 |   162 ||   215
